 Dungeon Crawl Stone Soup version 0.29.1-12-g30fa7ad0bf (webtiles) character file.

Game seed: 9645923371684042041

287 LLlMATKO the Trooper (level 6, -5/56 HPs)
             Began as a Minotaur Berserker on Dec 23, 2022.
             Was a Believer of Trog.
             Slain by a hornet (13 damage)
             ... on level 4 of the Dungeon.
             The game lasted 00:03:01 (3323 turns).

LLlMATKO the Trooper (Minotaur Berserker)           Turns: 3323, Time: 00:03:02

Health: -5/56      AC:  5    Str: 24    XL:     6   Next: 8%
Magic:  5/5        EV: 11    Int:  4    God:    Trog [**....]
Gold:   123        SH:  0    Dex:  9    Spells: 5/5 levels left

rFire   . . .      SeeInvis .   m - +0 war axe
rCold   . . .      Faith    .   (no shield)
rNeg    . . .      Spirit   .   q - +0 ring mail
rPois   .          Reflect  .   (helmet restricted)
rElec   .          Harm     .   (no cloak)
rCorr   .          Rampage  .   (no gloves)
Will    .....                   (no boots)
Stlth   ..........              (no amulet)
HPRegen 0.18/turn               (no ring)
MPRegen 0.09/turn               (no ring)

@: lethally poisoned (-5 -> -8), on berserk cooldown, slowed, very slow
A: horns 2, retaliatory headbutt
a: Renounce Religion, Berserk, Trog's Hand


You were on level 4 of the Dungeon.
You worshipped Trog.
Trog was pleased with you.
You visited 1 branch of the dungeon, and saw 4 of its levels.

You collected 123 gold pieces.

Inventory:

Hand Weapons
 m - a +0 war axe (weapon)
Missiles
 b - 5 boomerangs
 k - 3 silver javelins (quivered)
 r - 2 curare-tipped darts
Armour
 q - a +0 ring mail (worn)
Scrolls
 h - 3 scrolls of identify {unknown}
 i - a scroll of enchant armour {unknown}
 l - a scroll of fear {unknown}
Potions
 a - a potion of invisibility {unknown}
 c - a potion of mutation {unknown}
 d - 3 potions of might {unknown}
 e - 2 potions of berserk rage {unknown}
 f - a potion of lignification {unknown}
 g - a potion of heal wounds {unknown}
 j - a potion of degeneration {unknown}
 n - a potion of haste {unknown}
 o - a potion of attraction {unknown}
 p - a potion of curing {unknown}


   Skills:
 + Level 5.2 Fighting
 + Level 5.2 Axes
 + Level 4.2 Armour
 + Level 3.8 Dodging


You had 5 spell levels left.
You didn't know any spells.
Your spell library was empty.

Dungeon Overview and Level Annotations

Branches:
Dungeon (4/15)             Temple (0/1) D:4

Altars:
Trog
The Shining One

Annotations:
D:3 3 runed translucent doors, zurenarrh's ghost, amateur BaHu


Innate Abilities, Weirdness & Mutations

You have a pair of horns on your head.
You reflexively headbutt those who attack you in melee.


Message History

You are too injured to fight recklessly!
You are too injured to fight recklessly!
You barely miss the hornet.
The hornet is moderately wounded.
You feel sick.
You are no longer poisoned.
The hornet stings you!
You feel as though you will be slow longer.
The hornet barely misses you. You furiously retaliate!
You headbutt the hornet! You hit the hornet but do no damage.
The hornet is severely wounded.
The hornet stings you but does no damage.
The hornet stings you.
You are poisoned.
You feel as though you will be slow longer.
Unknown command.
You closely miss the hornet.
The hornet is severely wounded.
You feel very sick. The hornet completely misses you.
The hornet stings you but does no damage.
Unknown command.
You completely miss the hornet.
The hornet is severely wounded.
You feel sick. The hornet barely misses you.
The hornet stings you but does no damage.
Unknown command.
You barely miss the hornet.
You headbutt the hornet, but do no damage.
The hornet is severely wounded.
You are no longer berserk.
You are exhausted.
You feel as though you will be slow longer.
You feel sick. The hornet stings you.
* * * LOW HITPOINT WARNING * * *
You feel as though you will be slow longer.
You slash the hornet!
The hornet is almost dead.
You feel sick. The hornet barely misses you. The hornet stings you!
You die...

##........##
#........#.#
##
#.......#.##
.. #......#.##
#. #......###
#. #.######
##.##.#
##...#.#
#..y@..#
#.......#
...........?.
###.......####
#.......##
#.♣....##
#...#.##
#._.#.


You could see a hornet.

Vanquished Creatures
  A centaur (D:4)
  A scorpion (D:4)
  4 gnolls (D:2)
  6 adders
  A dart slug (D:4)
  An orc (D:3)
  9 ball pythons
  3 endoplasms
  A giant cockroach (D:2)
  4 goblins
  7 hobgoblins
  4 quokkas
  6 bats
  3 frilled lizards (D:1)
  3 kobolds
  2 rats
56 creatures vanquished.

Vanquished Creatures (others)
  A wizard (D:3)
1 creature vanquished.

Grand Total: 57 creatures vanquished

Notes
Turn   | Place    | Note
-------+----------+-------------------------------------------
     0 | D:1      | LLlMATKO the Minotaur Berserker began the quest for the
                  | Orb.
     0 | D:1      | Reached XP level 1. HP: 19/19 MP: 0/0
   263 | D:1      | Reached XP level 2. HP: 27/27 MP: 1/1
  1082 | D:2      | Reached XP level 3. HP: 31/33 MP: 2/2
  1108 | D:2      | Found a faded altar of an unknown god.
  1356 | D:2      | Reached ** piety under Trog
  1539 | D:2      | Reached XP level 4. HP: 41/41 MP: 3/3
  2449 | D:3      | Found a runed translucent gate.
  2449 | D:3      | Found a runed translucent gate.
  2452 | D:3      | Found a runed translucent gate.
  2684 | D:3      | Found a bloodstained altar of Trog.
  2782 | D:3      | Noticed a wizard
  2788 | D:3      | Killed a wizard
  2873 | D:3      | Noticed zurenarrh's ghost (amateur BaHu)
  3070 | D:4      | Noticed a scorpion
  3076 | D:4      | Killed a scorpion
  3077 | D:4      | Reached XP level 5. HP: 47/47 MP: 4/4
  3135 | D:4      | Reached skill level 5 in Fighting
  3135 | D:4      | Reached skill level 5 in Axes
  3210 | D:4      | Found a staircase to the Ecumenical Temple.
  3218 | D:4      | Noticed a centaur
  3223 | D:4      | Killed a centaur
  3224 | D:4      | Reached XP level 6. HP: 43/56 MP: 5/5
  3310 | D:4      | Noticed a hornet
  3311 | D:4      | Found a glowing golden altar of the Shining One.
  3323 | D:4      | Slain by a hornet

Illustrated notes

Levels and vault maps discovered:
D:1:      dpeg_arrival_oval, layout_loops_ring, hangedman_decor_opposing
D:2:      minmay_diamond_boxcup, layout_basic,
          nicolae_ecumenical_snake_handling, nicolae_elevator_lobby_plus
D:3:      layout_loops_cross, trog_wizard, ebering_ghost_rock_garden,
          st_stairs_2, minmay_misc_feat_roman
D:4:      layout_loops_ring, mainiacjoe_overflow_tiny_flanked,
          minmay_temple_entry_mist

Skill      XL: |  1  2  3  4  5 |
---------------+----------------+-----
Fighting       | 4 5 |  5.2
Axes           | 4 5 |  5.2
Armour         | 3 4 |  4.2
Dodging        | 3 |  3.8

Action                   |  1- 3 |  4- 6 || total
-------------------------+-------+-------++-------
Melee: Hand axe          |    54 |    35 ||    89
       Headbutt          |     8 |    11 ||    19
       Punch             |     1 |     1 ||     2
       War axe           |       |    34 ||    34
Throw: Javelin           |       |     3 ||     3
Invok: Berserk           |     1 |     2 ||     3
 Stab: Sleeping          |     1 |       ||     1
Armor: Animal skin       |     8 |     5 ||    13
       Ring mail         |       |    13 ||    13
Dodge: Dodged            |    37 |    44 ||    81
